 Dungeon Crawl Stone Soup version 0.18-a0-1774-gce1f7b6 (webtiles) character file.

211 ShansongY the Skirmisher (level 5, -2/50 HPs)
             Began as a Hill Orc Fighter on Apr 15, 2016.
             Was a Follower of Beogh.
             Slain by Grinder (5 damage)
             ... on level 3 of the Dungeon.
             The game lasted 00:07:57 (2466 turns).

ShansongY the Skirmisher (Hill Orc Fighter)         Turns: 2466, Time: 00:07:57

Health: -2/50      AC:  7    Str: 25    XL:     5   Next: 88%
Magic:  6/6        EV:  8    Int: 12    God:    Beogh [*.....]
Gold:   148        SH: 10    Dex: 10    Spells: 0 memorised, 6 levels left

rFire  . . .     SeeInvis .     a - +0 war axe
rCold  . . .     Gourm    .     b - +0 scale mail
rNeg   . . .     Faith    .     c - +0 shield
rPois  +         Spirit   .     (no helmet)
rElec  .         Dismiss  .     (no cloak)
rCorr  .         Reflect  .     (no gloves)
SustAt .         Harm     .     (no boots)
MR     .....                    (no amulet)
Stlth  ..........               r - ring of poison resistance {rPois, !d}
                                j - +4 ring of intelligence

@: mighty, exhausted, slowed, very slow, not resistant to hostile enchantments,
extremely unstealthy
A: no striking features
a: Renounce Religion


You were on level 3 of the Dungeon.
You worshipped Beogh.
Beogh was aware of your devotion.
You were not hungry.

You visited 1 branch of the dungeon, and saw 3 of its levels.

You collected 148 gold pieces.

Inventory:

Hand Weapons
 a - a +0 war axe (weapon)
Armour
 b - a +0 scale mail (worn)
 c - a +0 shield (worn)
Jewellery
 j - a +4 ring of intelligence (left hand)
   (You found it on level 1 of the Dungeon)
 r - a ring of poison resistance (right hand) {rPois, !d}
   (You found it on level 2 of the Dungeon)
Scrolls
 m - a scroll of fog {unknown}
 p - 2 scrolls of fear {unknown}
 s - a scroll of random uselessness {unknown}
 t - a scroll of amnesia {unknown}
 u - a scroll of identify {unknown}
Potions
 e - a potion of agility {unknown}
 g - a potion of cancellation {unknown}
 h - a potion of ambrosia {unknown}
 k - a potion of flight {unknown}
 l - 2 potions of curing {unknown}
 n - a potion of invisibility {unknown}
 x - a potion of berserk rage {!q}
 z - a potion of lignification {unknown}
Books
 o - a book of the Tempests
   (You found it on level 2 of the Dungeon)
Comestibles
 f - 2 bread rations {@e1}
 i - a beef jerky
 q - 3 meat rations {@e2}
 v - 2 royal jellies
 w - 2 chunks of flesh {@w0}


   Skills:
 * Level 5.7 Fighting
 + Level 4.4 Axes
 - Level 3.2 Armour
 + Level 1.8 Dodging
 - Level 3.2 Shields
 + Level 1.0 Spellcasting


You had 6 spell levels left.
You didn't know any spells.

Dungeon Overview and Level Annotations

Branches:
Dungeon (3/15)

Altars:

Annotations:
D:3 Grinder


Message History

The jackal barks!
A jackal and Grinder come into view.
Grinder shouts!
The jackal barks!
You barely miss the jackal. The jackal closely misses you.
The jackal barely misses you.
Grinder blinks!
You hit the jackal. The jackal barely misses you.
Grinder blinks!
You block the jackal's attack.
You slash the jackal!
You kill the jackal!
Beogh accepts your kill. You block the jackal's attack.
Health restored: 50 You hit the jackal.
You block the jackal's attack. The jackal bites you.
You take 3 damage, and have 47/50 hp.
You miss the jackal. You block the jackal's attack. x2
Some of the chunks of flesh in your inventory have rotted away.
You barely miss the jackal. The jackal bites you.
You block the jackal's attack.
You take 1 damage, and have 46/50 hp.
You barely miss the jackal. You block the jackal's attack.
You closely miss the jackal. You block the jackal's attack.
The jackal barely misses you.
You slash the jackal!
You kill the jackal!
Beogh accepts your kill.
You hit the jackal.
You kill the jackal!
Beogh accepts your kill. Beogh aids your use of armour.
Grinder gestures at you.
You suddenly lose the ability to move!
You can move again.
You see here a jackal corpse.
You slash Grinder! Grinder gestures at you. Pain shoots through your body!
Grinder gestures at you.
You shrug off the repeated paralysis!
You take 3 damage, and have 45/50 hp.
You hit Grinder. You block Grinder's attack.
You barely miss Grinder. You block Grinder's attack.
You closely miss Grinder. Grinder closely misses you.
You block Grinder's attack.
Your scale mail prevents you from hitting Grinder.
Grinder misses you.
You closely miss Grinder. Grinder hits you!
You writhe in agony.
You take 10 damage, and have 36/50 hp.
You hit Grinder. Grinder barely misses you. Grinder completely misses you.
You closely miss Grinder.
Grinder blinks!
An adder comes into view.
You see here a lead wand.
Grinder gestures at you. Pain shoots through your body!
You take 2 damage, and have 35/50 hp.
Grinder hits you.
You writhe in agony.
You see here a lead wand.
You take 6 damage, and have 29/50 hp.
You hit Grinder. Grinder hits you!
You writhe in agony.
You take 12 damage, and have 17/50 hp.
MASSIVE DAMAGE!!
Drink which item? (? for menu, Esc to quit)
You feel very mighty all of a sudden. The adder bites you but does no damage.
Grinder completely misses you. The adder bites you but does no damage.
Drink which item? (? for menu, Esc to quit)
It was a potion of berserk rage.
A red film seems to cover your vision as you go berserk!
You feel yourself moving faster!
You feel mighty! The adder bites you but does no damage.
You block Grinder's attack.
You now have 27/75 hp.
Unknown command.
You hit Grinder but do no damage. You barely miss the adder.
You block the adder's attack.
Grinder blinks!
You feel a strong urge to attack something.
Grinder blinks!
You see here a jackal corpse.
You slash the adder!
You kill the adder!
Beogh accepts your kill.
Your Spellcasting skill increases to level 1!
You feel a strong urge to attack something.
You see here a lead wand.
You are no longer berserk.
You are exhausted.
You feel yourself slow down.
You now have 19/50 hp.
Grinder gestures at you. You resist with significant effort.
Grinder barely misses you.
You slash Grinder! Grinder hits you but does no damage.
Grinder barely misses you.
You slash Grinder! Grinder hits you.
* * * LOW HITPOINT WARNING * * *
You writhe in agony.
* * * LOW HITPOINT WARNING * * *
You block Grinder's attack.
You take 11 damage, and have 8/50 hp.
MASSIVE DAMAGE!!
You hit Grinder. You block Grinder's attack. Grinder hits you.
* * * LOW HITPOINT WARNING * * *
You writhe in agony.
You die...

### #.. #.# #.#
##################.#
##..5./.†............
#...@.########.......
#..##.# #.#####. #.
#.# .... ... # #.#
#.###.#### #.# ... .#
. #.# .## # ## #.. ##


You could see Grinder.

Vanquished Creatures
  Terence (D:3)
  Robin (D:3)
  4 gnolls (D:3)
  2 adders (D:3)
  An ooze (D:1)
  4 worms
  4 dart slugs
  2 giant geckos (D:1)
  2 orcs (D:3)
  2 ball pythons
  3 giant cockroaches
  20 goblins
  15 hobgoblins
  3 jackals (D:3)
  A quokka (D:1)
  8 bats
  4 giant newts
  6 kobolds
  9 rats
92 creatures vanquished.

Vanquished Creatures (others)
  An orc priest (D:3)
  An ooze (D:3)
  A dart slug (D:3)
  2 orcs (D:3)
  2 giant cockroaches (D:3)
  A rat (D:3)
8 creatures vanquished.

Grand Total: 100 creatures vanquished

Notes
Turn   | Place    | Note
--------------------------------------------------------------
     0 | D:1      | ShansongY the Hill Orc Fighter began the quest for the Orb.
     0 | D:1      | Reached XP level 1. HP: 19/19 MP: 1/1
    44 | D:1      | Reached skill level 3 in Axes
    63 | D:1      | Reached XP level 2. HP: 27/27 MP: 2/2
    85 | D:1      | Reached skill level 4 in Fighting
   137 | D:1      | Reached skill level 1 in Dodging
   278 | D:1      | Reached XP level 3. HP: 32/33 MP: 3/3
   937 | D:2      | Reached XP level 4. HP: 28/41 MP: 4/4
  1026 | D:2      | Reached skill level 4 in Axes
  1764 | D:3      | Became a worshipper of Beogh the Brigand
  1777 | D:3      | Found a faded altar to an unknown god.
  1796 | D:3      | Noticed Terence
  1819 | D:3      | Killed Terence
  1819 | D:3      | Reached skill level 5 in Fighting
  1840 | D:3      | Reached XP level 5. HP: 41/48 MP: 5/5
  1881 | D:3      | Noticed Robin
  1925 | D:3      | Killed Robin
  2427 | D:3      | Noticed Grinder
  2437 | D:3      | Reached * piety under Beogh
  2438 | D:3      | Paralysed by Grinder for 3 turns
  2459 | D:3      | Reached skill level 1 in Spellcasting
  2465 | D:3      | HP: 8/50 [Grinder (6)]
  2466 | D:3      | HP: 3/50 [Grinder (5)]
  2466 | D:3      | Slain by Grinder

Vault maps used:
D:1:      dpeg_arrival_long_road, kennysheep_flooded_box
D:2:      serial_corexii_hall, corexii_hall_statues_deadend,
          corexii_hall_statues_x, minmay_goblin_kobold_house
D:3:      lemuel_upstairs_altar, ecumenical_altar_2, uniq_natasha, uniq_grinder,
          uniq_terence, uniq_robin

Skill      XL: |  1  2  3  4  5 |
---------------+----------------+-----
Axes           | 3 4 |  4.4
Fighting       | 4 5 |  5.7
Dodging        | 1 |  1.8
Spellcasting   | 1 |  1.0
Armour         | |  3.2
Shields        | |  3.2

Action                   |  1- 3 |  4- 6 || total
-------------------------+-------+-------++-------
Melee: War axe           |   120 |   188 ||   308
Invok: Convert to Beogh  |       |     1 ||     1
  Use: Potion            |       |     2 ||     2
  Eat: Chunk             |       |     6 ||     6
Armor: Scale mail        |    65 |    75 ||   140
Dodge: Dodged            |    39 |    66 ||   105
Block: Shield            |    72 |   114 ||   186

Vault maps used:
D:1:      dpeg_arrival_long_road, kennysheep_flooded_box
D:2:      serial_corexii_hall, corexii_hall_statues_deadend,
          corexii_hall_statues_x, minmay_goblin_kobold_house
D:3:      lemuel_upstairs_altar, ecumenical_altar_2, uniq_natasha, uniq_grinder,
          uniq_terence, uniq_robin

Table legend:
 A = Turns spent in this place as a percentage of turns spent in the entire game.
 B = Non-inter-level travel turns spent in this place as a percentage of non-inter-level travel turns spent in the entire game.
 C = Inter-level travel turns spent in this place as a percentage of turns spent in this place.
 D = Turns resting spent in this place as a percentage of non-inter-level travel turns spent in this place.
 E = Turns spent auto-exploring this place as a percentage of non-inter-level travel turns spent in this place.
 F = Non-inter-level travel turns spent in this place divided by the number of levels of this place that you've seen.
                   A       B       C       D       E      F
               +-------+-------+-------+-------+-------+----------------------
         Total | 100.0 | 100.0 |   0.2 |   1.6 |   8.5 | 287.0
       Dungeon | 100.0 | 100.0 |   0.2 |   1.6 |   8.5 | 287.0
               +-------+-------+-------+-------+-------+----------------------

Table legend:
 A = Kills in this place as a percentage of kills in entire the game.
 B = Kills by you in this place as a percentage of kills by you in the entire game.
 C = Kills by friends in this place as a percentage of kills by friends in the entire game.
 D = Other kills in this place as a percentage of other kills in the entire game.
 E = Experience gained in this place as a percentage of experience gained in the entire game.
 F = Experience gained in this place divided by the number of levels of this place that you have seen.
                   A       B       C       D       E      F
               +-------+-------+-------+-------+-------+----------------------
         Total | 100.0 | 100.0 |  -nan |  -nan | 100.0 | 100.7
       Dungeon | 100.0 | 100.0 |  -nan |  -nan | 100.0 | 100.7
               +-------+-------+-------+-------+-------+----------------------
